 Dungeon Crawl Stone Soup version 0.31-a0-1626-g5cb510d322 (webtiles) character file.

Game seed: 11364742325071543879

57177 Lobster4 the Stormcaller (level 14, -13/76 HPs)
             Began as a Tengu Air Elementalist on Jan 12, 2024.
             Was a High Priest of Vehumet.
             Mangled by a wolf spider (33 damage)
             ... in a Gauntlet.
             The game lasted 00:46:17 (16638 turns).

Lobster4 the Stormcaller (Tengu Air Elementalist)  Turns: 16638, Time: 00:46:18

Health: -13/76     AC:  6    Str: 10    XL:     14   Next: 85%
Magic:  38/38      EV: 18    Int: 23    God:    Vehumet [*****.]
Gold:   963        SH:  0    Dex: 16    Spells: 6/33 levels left

rFire   . . .        s - +2 dagger (venom)
rCold   . . .        (no shield)
rNeg    . . .        D - +1 leather armour {Will+}
rPois   +            (helmet restricted)
rElec   .            (no cloak)
rCorr   .            N - +1 pair of gloves "Ytiddumn" {Str+2}
SInv    .            (boots unavailable)
Will    ++...        M - amulet of Kaun Tack {RegenMP Int+3}
Stlth   ++           v - ring of magical power
HPRegen 0.32/turn    q - ring of poison resistance
MPRegen 0.66/turn

%: no teleportation, acrobat
@: flying
A: beak, talons 3, evasive flight, acrobatic
a: Renounce Religion


You were in a Gauntlet.
You worshipped Vehumet.
Vehumet was extremely pleased with you.
You visited 4 branches of the dungeon, and saw 15 of its levels.
You also visited: Bailey and Gauntlet.

You collected 963 gold pieces.

Inventory:

Hand Weapons
 s - a +2 dagger of venom (weapon)
 w - a +0 short sword of electrocution
 B - a +2 dagger of protection
Missiles
 f - 18 poisoned darts
 K - a curare-tipped dart
Armour
 c - a +0 pair of gloves
 D - a +1 leather armour of willpower (worn)
 E - a +2 robe of positive energy
 F - a +0 kite shield
 L - a +0 leather armour of cold resistance
 N - the +1 pair of gloves "Ytiddumn" (worn) {Str+2}
   (You found it in a Gauntlet)

   Str+2:     It affects your strength (+2).
Jewellery
 d - an amulet of magic regeneration
 e - a ring of resist corrosion
 l - an amulet of reflection
 q - a ring of poison resistance (right hand)
 v - a ring of magical power (left hand)
 A - a ring of ice
 I - a ring of positive energy
 M - the amulet of Kaun Tack (around neck) {RegenMP Int+3}
   (You found it in a Gauntlet)

   [amulet of magic regeneration]

   RegenMP:   It increases your rate of magic regeneration.
   Int+3:     It affects your intelligence (+3).
Wands
 y - a wand of acid (4)
 z - a wand of flame (29)
Scrolls
 i - a scroll of identify
 j - 3 scrolls of poison
 p - 3 scrolls of fog
 t - 3 scrolls of teleportation
 u - 3 scrolls of fear
 G - 2 scrolls of amnesia
 J - 2 scrolls of enchant armour
Potions
 a - a potion of resistance
 b - 3 potions of magic
 g - 4 potions of lignification
 h - 5 potions of haste
 k - a potion of ambrosia
 m - 3 potions of invisibility
 n - 4 potions of brilliance
 o - 2 potions of might
 r - 2 potions of enlightenment
 x - 4 potions of curing
 C - 2 potions of attraction
 H - a potion of heal wounds


   Skills:
 + Level 4.7 Fighting
 - Level 1.0 Throwing
 - Level 5.0 Armour
 + Level 5.8 Dodging
 - Level 2.0 Stealth
 + Level 1.0 Shields
 + Level 10.2 Spellcasting
 + Level 14.0 Conjurations
 - Level 3.0 Fire Magic
 * Level 19.1 Air Magic
 - Level 1.0 Earth Magic
 - Level 3.0 Alchemy
 - Level 3.0 Evocations


You had 6 spell levels left.
You knew the following spells:

 Your Spells              Type           Power      Damage    Failure   Level
a - Shock                 Conj/Air       100%       1d9       0%          1
b - Static Discharge      Conj/Air       100%       3-8/arc   0%          2
c - Stone Arrow           Conj/Erth      92%        3d12      1%          3
d - Airstrike             Air            39%        2d(6-22)  1%          4
e - Sting                 Conj/Alch      100%       1d9       1%          1
f - Fireball              Conj/Fire      25%        3d11      1%          5
g - Mercury Vapours       Alch/Air       100%       N/A       1%          2
h - Searing Ray           Conj           100%       2d8       1%          2
i - Fulminant Prism       Conj/Alch      25%        3d14      1%          4
s - Swiftness             Air            79%        N/A       0%          3

Your spell library contained the following spells:

 Spells                   Type           Power      Damage    Failure   Level
 Eringya's Noxious Bog    Alch           12%        4d6       58%         6
 Magic Dart               Conj           100%       1d8       0%          1
 Momentum Strike          Conj/Tloc      88%        3d10      1%          2
 Irradiate                Conj/Alch      25%        3d20      1%          5
 Inner Flame              Hex/Fire       18%        N/A       3%          3
 Silence                  Hex/Air        27%        N/A       4%          5
 Necrotise                Necr           44%        1d6       8%          1
 Slow                     Hex            44%        N/A       8%          1
 Blink                    Tloc           22%        N/A       11%         2
 Ensorcelled Hibernation  Hex/Ice        22%        N/A       11%         2
 Lesser Beckoning         Tloc           22%        N/A       11%         2
 Confusing Touch          Hex            11%        N/A       22%         3
 Fugue of the Fallen      Necr           11%        N/A       22%         3
 Ozocubu's Armour         Ice            11%        N/A       22%         3
 Sigil of Binding         Hex            11%        N/A       22%         3
 Summon Ice Beast         Ice/Summ       11%        N/A       22%         3
 Vampiric Draining        Necr           11%        2d6       22%         3
 Anguish                  Hex/Necr       5%         N/A       58%         4
 Cause Fear               Hex            5%         N/A       58%         4
 Manifold Assault         Tloc           11%        N/A       58%         4
 Martyr's Knell           Necr/Summ      11%        N/A       58%         4
 Curse of Agony           Necr           11%        N/A       90%         5
 Summon Mana Viper        Hex/Summ       11%        N/A       90%         5
 Monstrous Menagerie      Summ           5%         N/A       100%        7
 Ignition                 Fire           12%        3d6       100%        8
 Dragon's Call            Summ           5%         N/A       100%        9
 Fire Storm               Conj/Fire      25%        8d6       100%        9


Dungeon Overview and Level Annotations

Branches:
Dungeon (11/15)            Temple (1/1) D:4            Lair (2/5) D:9
    Orc (1/2) D:9          Bailey (visited)         Gauntlet (1/1)
  Swamp: Lair:2-3    Shoals: Lair:2-3     Snake: Lair:2-3    Spider: Lair:2-3

Altars:
Ashenzari
Cheibriados
Dithmenos
Elyvilon
Fedhas
Gozag
Hepliaklqana
Kikubaaqudgha
Makhleb
Nemelex Xobeh
Okawaru
Qazlal
Ru
Sif Muna
Trog
Uskayaw
Vehumet
Wu Jian
Xom
Yredelemnul
Zin
The Shining One

Shops:
D:8 (

Annotations:
D:3 2 transporters, Sundig's ghost, amateur DsFi
D:7 Maggie
D:9 2 transporters, zenocrate's ghost, novice VSEn
D:11 2 transporters Gauntlet 11 transporters


Innate Abilities, Weirdness & Mutations

You have a beak for a mouth.
You have claws for feet.
Your magical flight helps you evade attacks. (EV +4)
You can magically evade attacks while moving or waiting.


Message History

The redback is moderately wounded.
You are struck by an arc of lightning.
The lightning grounds out.
The moth of wrath is struck by an arc of lightning!
The moth of wrath is heavily wounded.
The redback is struck by an arc of lightning!
The redback is moderately wounded.
The moth of wrath is struck by an arc of lightning.
The moth of wrath is heavily wounded.
You are struck by an arc of lightning.
The moth of wrath is struck by an arc of lightning.
The moth of wrath is severely wounded.
The lightning grounds out.
The moth of wrath goads the redback on!
The redback goes berserk!
The moth of wrath goads the wolf spider on!
The wolf spider goes berserk!
The wolf spider barely misses you. The wolf spider bites you!
The redback bites you but does no damage.
The moth of wrath bites you!
Unknown command.
Casting: Static Discharge (safe; 0% risk of failure)
Confirm with . or Enter, or press ? or * to list all spells.
The moth of wrath is struck by an arc of lightning!
The moth of wrath is almost dead.
You are struck by an arc of lightning.
The moth of wrath is struck by an arc of lightning!
The moth of wrath is almost dead.
The lightning grounds out.
The redback is struck by an arc of lightning!
The redback is heavily wounded.
The moth of wrath is struck by an arc of lightning.
You kill the moth of wrath!
Vehumet accepts your kill.
You feel your power returning.
You are struck by an arc of lightning.
The redback is struck by an arc of lightning.
The redback is severely wounded.
You are struck by an arc of lightning.
The lightning grounds out.
The redback bites you!
* * * LOW HITPOINT WARNING * * *
The wolf spider hits you!!
You die...

.##.##..#.#..........#8#
........#.#..........#####
#########.#########.....≈###
≈≈§8≈≈≈§#........©#......#8#
#########.#############..###
..^^...y#.#.#......#..#..#
#.##.##y#.#.#...s.#...#..#
..^..#^y#.#.##.s.s#...#..#
.##.##."#.#.#.##@#....#..#
^#.©#..©#©#.#...###...#..#
##.##.#.###.#....#.##.####.
^..#^.^(#...#...#....##©.....
#.##.##.#...#...#.....####.8.#
yy^.y.^.#...#(.#=©...$#..#...#
#########...###########..#.8.#
..........≈.............≈#...#
.........§8§............∩#.8..


You could see a wolf spider (berserk) and 2 redbacks.

Vanquished Creatures
  2 vault guards (Bailey)
  Erica (Orc:1)
  A boulder beetle (D:9)
  5 two-headed ogres
  A centaur warrior (D:9)
  Amaemon (Lair:1)
  A death drake (Gauntlet)
  A moth of wrath (Gauntlet)
  2 centaur zombies (Gauntlet)
  A black mamba (Lair:1)
  3 cane toads
  An orange demon (Lair:1)
  An unseen horror (D:10)
  2 kobold demonologists
  An efreet (D:9)
  5 komodo dragons
  Grinder (D:3)
  A troll (D:11)
  A polar bear (Lair:2)
  A hornet (D:9)
  Prince Ribbit (D:7)
  A blink frog (Bailey)
  A centaur simulacrum (Gauntlet)
  4 humans (Bailey)
  2 basilisks
  19 yaks
  2 wraiths
  Eustachio (D:4)
  A redback simulacrum (Gauntlet)
  Menkaure (D:5)
  Edmund (D:5)
  An acid dragon (D:8)
  8 water moccasins
  A spectral hornet (Gauntlet)
  A meliai simulacrum (Gauntlet)
  An orc warrior (D:7)
  4 ogres
  6 wolves (Lair:1)
  A phantom (D:7)
  4 centaurs
  21 bullfrogs
  3 kobold brigands (D:9)
  A gnoll sergeant (D:8)
  A cane toad simulacrum (Gauntlet)
  3 scorpions
  5 wights (D:8)
  15 killer bees
  A howler monkey (D:10)
  2 hounds
  3 jellies
  9 orc priests
  3 iguanas
  Ijyb (D:4)
  Natasha (thrice) (D:4)
  14 orc wizards
  2 adders
  4 gnolls (D:8)
  A shadow imp (D:6)
  3 white imps
  2 ufetubi (D:6)
  A dart slug (D:3)
  4 ribbon worms
  45 orcs
  2 bats (D:3)
  7 endoplasms
  4 giant cockroaches
  16 goblins
  7 hobgoblins
  11 jackals
  2 quokkas (D:3)
  2 training dummies (D:7)
  3 ball pythons
  5 frilled lizards (D:1)
  9 kobolds
  4 rats
  A butterfly (Lair:1)
314 creatures vanquished.

Vanquished Creatures (others)
  A yak (D:9)
1 creature vanquished.

Grand Total: 315 creatures vanquished

Notes
Turn   | Place    | Note
-------+----------+-------------------------------------------
     0 | D:1      | Lobster4 the Tengu Air Elementalist began the quest for the
                  | Orb.
     0 | D:1      | Reached XP level 1. HP: 10/10 MP: 4/4
   338 | D:1      | Reached XP level 2. HP: 16/16 MP: 4/6
  1119 | D:2      | Reached skill level 1 in Armour
  1279 | D:2      | Reached XP level 3. HP: 10/20 MP: 1/7
  1601 | D:2      | Reached skill level 1 in Fighting
  2107 | D:3      | Reached XP level 4. HP: 25/25 MP: 3/8
  2414 | D:3      | Found a transporter.
  2415 | D:3      | Found a transporter.
  2415 | D:3      | Noticed Sundig's ghost (amateur DsFi)
  2435 | D:3      | Noticed Grinder
  2445 | D:3      | Paralysed by Grinder for 4 turns
  2451 | D:3      | Paralysed by Grinder for 4 turns
  2459 | D:3      | Paralysed by Grinder for 3 turns
  2465 | D:3      | Killed Grinder
  2466 | D:3      | Reached skill level 5 in Air Magic
  2466 | D:3      | Reached XP level 5. HP: 11/29 MP: 4/11
  2466 | D:3      | Reached XP level 6. HP: 14/34 MP: 4/12
  3186 | D:3      | Learned a level 2 spell: Static Discharge
  3190 | D:3      | Learned a level 3 spell: Swiftness
  3195 | D:3      | Learned a level 4 spell: Airstrike
  3498 | D:4      | Noticed Ijyb
  3507 | D:4      | Killed Ijyb
  3508 | D:4      | Reached skill level 6 in Air Magic
  3687 | D:4      | Found a staircase to the Ecumenical Temple.
  3727 | Temple   | Entered the Ecumenical Temple
  3746 | Temple   | Became a worshipper of Vehumet
  3857 | D:4      | Reached skill level 5 in Conjurations
  3857 | D:4      | Gained mutation: Your magical flight helps you evade
                  | attacks. (EV +4) [Tengu growth]
  3857 | D:4      | Reached XP level 7. HP: 13/38 MP: 9/13
  3974 | D:4      | Noticed Natasha
  3976 | D:4      | Killed Natasha
  3977 | D:4      | Reached skill level 1 in Evocations
  4102 | D:4      | Noticed Natasha
  4104 | D:4      | Killed Natasha
  4228 | D:4      | Noticed Eustachio
  4606 | D:5      | Entered Level 5 of the Dungeon
  4662 | D:5      | Noticed Edmund
  4669 | D:5      | Killed Edmund
  4806 | D:5      | Reached skill level 7 in Air Magic
  4943 | D:5      | Reached XP level 8. HP: 43/43 MP: 9/15
  5105 | D:5      | Noticed Menkaure
  5693 | D:6      | Reached skill level 8 in Air Magic
  6217 | D:6      | Reached * piety under Vehumet
  6217 | D:6      | Offered knowledge of Sting by Vehumet.
  6676 | D:7      | Noticed Maggie
  6874 | D:7      | Reached skill level 5 in Spellcasting
  7037 | D:7      | Reached skill level 9 in Air Magic
  7092 | D:7      | Reached XP level 9. HP: 40/47 MP: 12/17
  7095 | D:7      | Learned a level 2 spell: Searing Ray
  7218 | D:7      | Learned a level 1 spell: Sting
  7257 | D:7      | Noticed Prince Ribbit
  7268 | D:7      | Killed Prince Ribbit
  7269 | D:7      | Reached skill level 10 in Air Magic
  7466 | D:7      | Found a shimmering blue altar of Sif Muna.
  7725 | D:7      | Reached ** piety under Vehumet
  7725 | D:7      | Offered knowledge of Momentum Strike by Vehumet.
  8363 | D:5      | Killed Menkaure
  8465 | D:4      | Noticed Natasha
  8468 | D:4      | Killed Natasha
  8493 | D:4      | Killed Eustachio
  8494 | D:4      | Reached skill level 11 in Air Magic
  8869 | D:8      | Found Dorch's Weapon Shop.
  8869 | D:8      | Noticed a +0 giant club
  8869 | D:8      | Noticed a +0 great mace
  8886 | D:8      | Reached XP level 10. HP: 24/52 MP: 20/20
  9042 | D:8      | Reached skill level 12 in Air Magic
  9573 | D:8      | Noticed a two-headed ogre
  9577 | D:8      | Killed a two-headed ogre
  9577 | D:8      | Offered knowledge of Mercury Vapours by Vehumet.
  9597 | D:8      | Learned a level 2 spell: Mercury Vapours
 10140 | D:9      | Reached *** piety under Vehumet
 10166 | D:9      | Found a transporter.
 10166 | D:9      | Noticed zenocrate's ghost (novice VSEn)
 10167 | D:9      | Noticed a two-headed ogre
 10177 | D:9      | Found a staircase to the Orcish Mines.
 10184 | D:9      | Reached skill level 13 in Air Magic
 10218 | D:9      | Found a transporter.
 10314 | D:9      | Found a staircase to the Lair.
 10583 | D:9      | Noticed a two-headed ogre
 10646 | D:9      | Reached skill level 1 in Alchemy
 10755 | D:9      | Killed a two-headed ogre
 10811 | D:9      | Noticed a kobold demonologist
 10816 | D:9      | Killed a kobold demonologist
 10817 | D:9      | Reached skill level 10 in Conjurations
 10895 | D:9      | Noticed a centaur warrior
 10906 | D:9      | Killed a centaur warrior
 10907 | D:9      | Reached skill level 14 in Air Magic
 10907 | D:9      | Reached XP level 11. HP: 32/56 MP: 19/23
 10973 | D:9      | Offered knowledge of Hailstorm by Vehumet.
 11005 | D:9      | Noticed a two-headed ogre
 11022 | D:9      | Killed a two-headed ogre
 11029 | D:9      | Learned a level 5 spell: Fireball
 11152 | D:10     | Entered Level 10 of the Dungeon
 11293 | D:10     | Found a flagged portal.
 11306 | Bailey   | Entered a bailey
 11319 | Bailey   | Reached skill level 1 in Fire Magic
 11548 | Bailey   | Reached skill level 1 in Throwing
 11617 | Bailey   | Reached **** piety under Vehumet
 11694 | Bailey   | Noticed a vault guard
 11713 | Bailey   | Killed a vault guard
 11874 | Bailey   | Noticed a vault guard
 11892 | Bailey   | Killed a vault guard
 11893 | Bailey   | Reached skill level 15 in Air Magic
 12760 | D:10     | Offered knowledge of Stone Arrow by Vehumet.
 12766 | D:10     | Learned a level 3 spell: Stone Arrow
 12942 | D:11     | Noticed a two-headed ogre
 12950 | D:11     | Killed a two-headed ogre
 13005 | D:11     | Found a transporter.
 13018 | D:11     | Reached skill level 1 in Earth Magic
 13137 | D:11     | Found a transporter.
 13315 | D:11     | Noticed a two-headed ogre
 13322 | D:11     | Killed a two-headed ogre
 13323 | D:11     | Reached XP level 12. HP: 60/60 MP: 17/25
 13379 | D:11     | Reached skill level 16 in Air Magic
 13978 | D:9      | Noticed a boulder beetle
 14004 | D:9      | Killed a boulder beetle
 14082 | Orc:1    | Entered Level 1 of the Orcish Mines
 14082 | Orc:1    | Noticed Erica
 14085 | Orc:1    | Killed Erica
 14451 | Lair:1   | Entered Level 1 of the Lair of Beasts
 14536 | Lair:1   | Noticed Amaemon
 14555 | Lair:1   | Killed Amaemon
 14556 | Lair:1   | Reached skill level 17 in Air Magic
 15032 | Lair:1   | Reached skill level 18 in Air Magic
 15032 | Lair:1   | Reached XP level 13. HP: 68/68 MP: 27/27
 15033 | Lair:1   | Reached skill level 5 in Dodging
 15033 | Lair:1   | Reached skill level 10 in Spellcasting
 15033 | Lair:1   | Reached XP level 14. HP: 76/76 MP: 29/29
 15126 | Lair:1   | Reached skill level 5 in Armour
 15903 | Lair:2   | Found a gate leading to a gauntlet.
 15912 | Gauntlet | Entered a Gauntlet
 15912 | Gauntlet | Found a transporter.
 15912 | Gauntlet | Found a transporter.
 15917 | Gauntlet | Found a transporter.
 15932 | Gauntlet | Found a transporter.
 15946 | Gauntlet | Found a transporter.
 15959 | Gauntlet | Found a transporter.
 15962 | Gauntlet | Noticed a cacodemon
 16052 | Gauntlet | Found a transporter.
 16063 | Gauntlet | Found a transporter.
 16077 | Gauntlet | Found a transporter.
 16090 | Gauntlet | Found a transporter.
 16108 | Gauntlet | Found a transporter.
 16177 | Gauntlet | Found a transporter.
 16193 | Gauntlet | Found a transporter.
 16197 | Gauntlet | Found a transporter.
 16198 | Gauntlet | Found a transporter.
 16205 | Gauntlet | Found a transporter.
 16238 | Gauntlet | Reached skill level 19 in Air Magic
 16240 | Gauntlet | Reached ***** piety under Vehumet
 16362 | Gauntlet | Identified the amulet of Kaun Tack {RegenMP Int+3}
 16405 | Gauntlet | Identified the +1 pair of gloves "Ytiddumn" {Str+2}
 16412 | Gauntlet | Offered knowledge of Eringya's Noxious Bog by Vehumet.
 16418 | Gauntlet | Reached skill level 1 in Shields
 16424 | Gauntlet | Got the Omnibus of the Earth
 16584 | Gauntlet | Learned a level 4 spell: Fulminant Prism
 16638 | Gauntlet | Mangled by a wolf spider

Illustrated notes

Levels and vault maps discovered:
D:1:      psy_arrival_radial02, layout_rooms
D:2:      layout_basic
D:3:      layout_basic, gammafunk_ghost_mausoleum, minmay_fractal_squares_5,
          uniq_grinder
D:4:      layout_gridville, minmay_temple_entry_waves, uniq_natasha,
          uniq_eustachio, uniq_ijyb
D:5:      layout_basic, uniq_menkaure, uniq_edmund
D:6:      layout_cave_pods, nicolae_elevator_lobby_asterisk
D:7:      dreamdust_elfheim, layout_loops_ring, nicolae_overflow_hidden_temple,
          grunt_decor_clamped, corexii_hall_statues_i, corexii_corridor_pit,
          uniq_maggie, uniq_prince_ribbit1
D:8:      layout_basic, serial_shops, nicolae_shop_mannequins
D:9:      layout_irregular_city, dpeg_oklobed_lair, orc_0_dummy,
          gammafunk_ghost_arena, minmay_pinched_square
D:10:     layout_basic, enter_bailey_3
D:11:     gammafunk_worm_tunnel, layout_long_grid
Temple:   compressed_dpeg_triangle_lava_temple
Lair:1:   layout_chaotic_city, lemuel_fruit_fields, uniq_amaemon
Lair:2:   layout_small_grid, gauntlet_entry_generic, lemuel_fruit_tree
Orc:1:    layout_caves, nicolae_orc_lava_tube, uniq_erica
Gauntlet: gammafunk_gauntlet_branching [nicolae_gauntlet_arena_x,
          gammafunk_gauntlet_arena_chambers, nicolae_gauntlet_arena_quarters,
          gammafunk_gauntlet_arena_open, nicolae_gauntlet_arena_grate_2,
          gammafunk_gauntlet_arena_split_diamond,
          gammafunk_gauntlet_arena_split_x, nicolae_gauntlet_swirl,
          dreamdust_gauntlet_exit_labyrinth]

Skill      XL: |  1  2  3  4  5  6  7  8  9 10 11 12 13 14 |
---------------+-------------------------------------------+-----
Conjurations   | 2 4 5 6 8 10 11 13 14 | 14.0
Armour         | 1 2 3 4 5 |  5.0
Fighting       | 1 3 4 |  4.7
Spellcasting   | 3 4 5 6 7 8 9 10 | 10.2
Air Magic      | 5 6 7 9 11 14 15 18 19 | 19.1
Evocations     | 2 3 |  3.0
Alchemy        | 2 3 |  3.0
Fire Magic     | 3 |  3.0
Throwing       | 1 |  1.0
Earth Magic    | 1 |  1.0
Dodging        | 4 5 |  5.8
Shields        | 1 |  1.0
Stealth        | |  2.0

Action                     |  1- 3 |  4- 6 |  7- 9 | 10-12 | 13-15 || total
---------------------------+-------+-------+-------+-------+-------++-------
  Melee: Kick              |     4 |       |     9 |    19 |       ||    32
         Short sword       |     4 |       |       |       |       ||     4
         Dagger            |       |     6 |    20 |    53 |     2 ||    81
         Peck              |       |       |     3 |     9 |     2 ||    14
  Throw: Dart              |       |     2 |     1 |     4 |       ||     7
   Cast: Shock             |    93 |    82 |   177 |    82 |       ||   434
         Static Discharge  |       |     4 |    49 |    34 |    15 ||   102
         Airstrike         |       |       |     9 |   162 |    36 ||   207
         Sting             |       |       |    22 |     8 |       ||    30
         Mercury Vapours   |       |       |       |     9 |       ||     9
         Fireball          |       |       |       |    22 |     5 ||    27
         Searing Ray       |       |       |       |     1 |     1 ||     2
         Stone Arrow       |       |       |       |     1 |       ||     1
         Swiftness         |       |       |       |     1 |       ||     1
    Use: Scroll            |       |     1 |     5 |    20 |       ||    26
         Potion            |       |     1 |       |     2 |     3 ||     6
   Stab: Sleeping          |       |       |     1 |       |       ||     1
 Armour: Robe              |     2 |    17 |    99 |   140 |    31 ||   289
         Skin              |       |     5 |       |       |       ||     5
         Leather armour    |       |       |       |       |    26 ||    26
  Dodge: Dodged            |     9 |    13 |    70 |   162 |    48 ||   302
  Block: Other             |       |     5 |    19 |    10 |       ||    34
         Reflection        |       |       |     2 |       |       ||     2

Table legend: (Time is in decaauts)
 A = Elapsed time spent in this place.
 B = Non-inter-level travel time spent in this place.
 C = Inter-level travel time spent in this place.
 D = Time resting spent in this place.
 E = Time spent auto-exploring this place.
 F = Levels seen in this place.
 G = Mean time per level.
                   A        B        C        D        E       F      G
               +--------+--------+--------+--------+--------+-----+--------+
         Total |  16642 |  15830 |    812 |   3374 |   9811 |  17 |  978.9 |
       Dungeon |  13824 |  13077 |    747 |   2526 |   8743 |  11 | 1256.7 |
        Temple |     38 |     20 |     18 |      0 |      0 |   1 |   38.0 |
          Lair |   1355 |   1308 |     47 |    197 |    742 |   2 |  677.5 |
  Orcish Mines |      8 |      8 |      0 |      0 |      0 |   1 |    8.0 |
        Bailey |    689 |    689 |      0 |    402 |     41 |   1 |  689.0 |
      Gauntlet |    725 |    725 |      0 |    249 |    285 |   1 |  725.0 |
               +--------+--------+--------+--------+--------+-----+--------+

Top non-repeatable levels by time:
     D:9: 1913 daAuts
     D:7: 1658 daAuts
     D:4: 1378 daAuts
     D:3: 1376 daAuts
     D:6: 1252 daAuts
     D:8: 1247 daAuts
    D:10: 1156 daAuts
  Lair:1: 1105 daAuts
     D:1: 1080 daAuts
     D:5: 1025 daAuts
    D:11: 901 daAuts
     D:2: 835 daAuts
Gauntlet: 725 daAuts
  Bailey: 689 daAuts
  Lair:2: 249 daAuts
